ESL (28 & UNDER)
KINGSTON IGUANAS @ BUFFALO LIGHTSABRES
09/10/2026
 
TOP OF THE 1ST
Kingston Iguanas batting - Pitching for Buffalo LightSabres : RHP José Castro
Pitching: RHP José Castro
Batting: RHB Ken MacDonald 0-0: Ball
1-0: SINGLE (Line Drive, 6MD)
Batting: RHB William Duncan 0-0: Called Strike
Ken MacDonald steals 2nd base
0-1: Ball
1-1: Ground out 5-3 (Groundball, 5S)
Ken MacDonald to third
Batting: RHB Luis Aguilar 0-0: Called Strike
0-1: Ball
1-1: Foul Ball, location: 2F
1-2: Foul Ball, location: 2F
1-2: Ball
2-2: SINGLE (Line Drive, 34D)
Ken MacDonald scores
Batting: RHB Diego Francisco 0-0: Ball
1-0: SINGLE (Groundball, 6D)
Luis Aguilar to second
Batting: LHB Mike Godfrey 0-0: Ball
1-0: Foul Ball, location: 2F
1-1: Called Strike
1-2: Fielders Choice at 2nd, 5-4 (Groundball, 56)
Luis Aguilar to third
Batting: LHB Will Holt 0-0: Ball
1-0: Called Strike
1-1: Ball
2-1: Foul Ball, location: 2F
2-2: Ball
Pickoff Throw to First - Out!
Top of the 1st over - 1 run(s), 3 hit(s), 0 error(s), 0 left on base; Kingston 1 - Buffalo 0
BOTTOM OF THE 1ST
Buffalo LightSabres batting - Pitching for Kingston Iguanas : RHP Fernando Castillo
Pitching: RHP Fernando Castillo
Now at C: Dave Gordon
Batting: RHB Alfredo Villegas 0-0: Called Strike
0-1: Ball
1-1: Ball
2-1: Swinging Strike
2-2: Ball
3-2: Foul Ball, location: 2F
3-2: Strikes out looking
Batting: RHB Júlio López 0-0: Ball
1-0: Ball
2-0: Ball
3-0: Called Strike
3-1: SINGLE (Groundball, 34D)
Batting: SHB Javier Jiménez 0-0: Called Strike
0-1: Ball
1-1: Swinging Strike
1-2: Ball
2-2: Ball
3-2: DOUBLE (Line Drive, 89XD)
Júlio López to third
Batting: LHB Zack Payton 0-0: Swinging Strike
0-1: SINGLE (Groundball, 34D)
Júlio López scores
Javier Jiménez to third
Batting: RHB Peter Dixon 0-0: Foul Ball, location: 2F
0-1: Fly out, F2 (Popup, 2LF)
Batting: RHB Jorge Castillo 0-0: Ball
1-0: Ball
2-0: Ball
3-0: Called Strike
3-1: Base on Balls
Zack Payton to second
Batting: RHB Donato Gozende 0-0: Foul Ball, location: 2F
0-1: Swinging Strike
0-2: Strikes out swinging
Bottom of the 1st over - 1 run(s), 3 hit(s), 0 error(s), 3 left on base; Kingston 1 - Buffalo 1
TOP OF THE 2ND
Kingston Iguanas batting - Pitching for Buffalo LightSabres : RHP José Castro
Batting: LHB Will Holt 0-0: Called Strike
0-1: Ball
1-1: Called Strike
1-2: Strikes out looking
Batting: LHB Poto Vasilini 0-0: Ball
1-0: Ball
2-0: Fly out, F4 (Popup, 34D)
Batting: RHB Tim Davis 0-0: Ball
1-0: Ball
2-0: Called Strike
2-1: Ball
3-1: Base on Balls
Batting: LHB Juan Romero 0-0: Called Strike
0-1: Ball
1-1: Swinging Strike
1-2: Strikes out swinging
Top of the 2nd over - 0 run(s), 0 hit(s), 0 error(s), 1 left on base; Kingston 1 - Buffalo 1
BOTTOM OF THE 2ND
Buffalo LightSabres batting - Pitching for Kingston Iguanas : RHP Fernando Castillo
Batting: RHB Manuel Cintrón 0-0: Ball
1-0: SINGLE (Groundball, 25) (infield hit)
Batting: RHB Armando Gusmán 0-0: Ball
1-0: Ball
2-0: Called Strike
2-1: SINGLE (Line Drive, 89M)
Manuel Cintrón to second
Batting: RHB Alfredo Villegas 0-0: Foul Ball, location: 2F
0-1: Swinging Strike
0-2: Foul Ball, location: 2F
0-2: SINGLE (Line Drive, 56D)
Manuel Cintrón to third
Armando Gusmán to second
Batting: RHB Júlio López 0-0: Swinging Strike
0-1: Swinging Strike
0-2: Ball
1-2: Strikes out swinging
Batting: SHB Javier Jiménez 0-0: Called Strike
0-1: Foul Ball, location: 2F
0-2: Ball
1-2: Fly out, F7 (Line Drive, 7S)
Batting: LHB Zack Payton 0-0: Ball
1-0: Fielders Choice at 2nd, U6 (Groundball, 6M)
Bottom of the 2nd over - 0 run(s), 3 hit(s), 0 error(s), 3 left on base; Kingston 1 - Buffalo 1
TOP OF THE 3RD
Kingston Iguanas batting - Pitching for Buffalo LightSabres : RHP José Castro
Batting: RHB Ken MacDonald 0-0: Called Strike
0-1: Called Strike
0-2: Ground out 5-3 (Groundball, 5S)
Batting: RHB William Duncan 0-0: Called Strike
0-1: Ball
1-1: SINGLE (Groundball, 4M)
Batting: RHB Luis Aguilar 0-0: Ball
1-0: Called Strike
1-1: Ball
2-1: Foul Ball, location: 2F
2-2: Ground out 4-3 (Groundball, 4M)
William Duncan to second
Batting: LHB Dave Gordon 0-0: Ball
1-0: Swinging Strike
1-1: Ball
2-1: SINGLE (Groundball, 4MD)
William Duncan to third
Runner from 3rd tries for Home, throw and OUT!
Top of the 3rd over - 0 run(s), 2 hit(s), 0 error(s), 1 left on base; Kingston 1 - Buffalo 1
BOTTOM OF THE 3RD
Buffalo LightSabres batting - Pitching for Kingston Iguanas : RHP Fernando Castillo
Batting: RHB Peter Dixon 0-0: Ground out 2-3 (Groundball, 2L)
Batting: RHB Jorge Castillo 0-0: Called Strike
0-1: Foul Ball, location: 2F
0-2: SINGLE (Groundball, 6) (infield hit)
Batting: RHB Donato Gozende 0-0: Called Strike
0-1: Ball
1-1: Swinging Strike
1-2: Ball
2-2: Strikes out looking
Batting: RHB Manuel Cintrón 0-0: Foul Ball, location: 2F
0-1: Ball
1-1: Ball
2-1: Called Strike
2-2: Foul Ball, location: 2F
2-2: Strikes out swinging
Bottom of the 3rd over - 0 run(s), 1 hit(s), 0 error(s), 1 left on base; Kingston 1 - Buffalo 1
TOP OF THE 4TH
Kingston Iguanas batting - Pitching for Buffalo LightSabres : RHP José Castro
Batting: LHB Mike Godfrey 0-0: Ball
1-0: Called Strike
1-1: Ball
2-1: Fly out, F7 (Line Drive, 78M)
Batting: LHB Will Holt 0-0: Called Strike
0-1: Ball
1-1: Foul Ball, location: 2F
1-2: Strikes out looking
Batting: LHB Poto Vasilini 0-0: Ball
1-0: Swinging Strike
1-1: Ball
2-1: Called Strike
2-2: Foul Ball, location: 2F
2-2: SINGLE (Groundball, 56D)
Batting: RHB Tim Davis 0-0: Called Strike
0-1: Ball
1-1: Called Strike
1-2: Strikes out swinging
Top of the 4th over - 0 run(s), 1 hit(s), 0 error(s), 1 left on base; Kingston 1 - Buffalo 1
BOTTOM OF THE 4TH
Buffalo LightSabres batting - Pitching for Kingston Iguanas : RHP Fernando Castillo
Batting: RHB Armando Gusmán 0-0: Called Strike
0-1: Fly out, F3 (Popup, 3F)
Batting: RHB Alfredo Villegas 0-0: Called Strike
0-1: Called Strike
0-2: Ball
1-2: Strikes out swinging
Batting: RHB Júlio López 0-0: Swinging Strike
0-1: Swinging Strike
0-2: Ball
1-2: Ball
2-2: Foul Ball, location: 2F
2-2: Strikes out looking
Bottom of the 4th over - 0 run(s), 0 hit(s), 0 error(s), 0 left on base; Kingston 1 - Buffalo 1
TOP OF THE 5TH
Kingston Iguanas batting - Pitching for Buffalo LightSabres : RHP José Castro
Batting: LHB Juan Romero 0-0: Fly out, F6 (Popup, 6M)
Batting: RHB Ken MacDonald 0-0: Ball
1-0: Ball
2-0: Ball
3-0: Base on Balls
Batting: RHB William Duncan 0-0: Ball
1-0: Called Strike
1-1: Ball
2-1: Ball
3-1: SINGLE (Groundball, 6MD)
Ken MacDonald to second
Throwing error, E8
Ken MacDonald scores
William Duncan to second
Batting: RHB Luis Aguilar 0-0: Called Strike
0-1: Ball
1-1: Ball
2-1: Foul Ball, location: 2F
2-2: Ground out 1-3 (Groundball, 25)
Batting: LHB Dave Gordon 0-0: Ground out 4-3 (Groundball, 34)
Top of the 5th over - 1 run(s), 1 hit(s), 1 error(s), 1 left on base; Kingston 2 - Buffalo 1
BOTTOM OF THE 5TH
Buffalo LightSabres batting - Pitching for Kingston Iguanas : RHP Fernando Castillo
Batting: SHB Javier Jiménez 0-0: Ball
1-0: Ball
2-0: Ball
3-0: Base on Balls
Pitching: RHP Vic Bradshaw
Batting: LHB Zack Payton 0-0: Ball
1-0: Ball
2-0: Foul Ball, location: 2F
2-1: Swinging Strike
2-2: Fly out, F7 (Flyball, 7M)
Batting: RHB Peter Dixon 0-0: Fly out, F9 (Flyball, 9M)
Batting: RHB Jorge Castillo 0-0: Called Strike
0-1: Swinging Strike
0-2: Ball
1-2: Strikes out looking
Bottom of the 5th over - 0 run(s), 0 hit(s), 0 error(s), 1 left on base; Kingston 2 - Buffalo 1
TOP OF THE 6TH
Kingston Iguanas batting - Pitching for Buffalo LightSabres : RHP José Castro
Batting: LHB Mike Godfrey 0-0: Called Strike
0-1: Ball
1-1: Foul Ball, location: 2F
1-2: Ball
2-2: Strikes out swinging
Batting: LHB Will Holt 0-0: Ball
1-0: Ball
2-0: Foul Ball, location: 2F
2-1: Foul Ball, location: 2F
2-2: Ball
3-2: Foul Ball, location: 2F
3-2: Base on Balls
Pitching: LHP Mike O'Brien
Batting: LHB Poto Vasilini 0-0: Foul Ball, location: 2F
0-1: Foul Ball, location: 2F
0-2: Fielders Choice at 2nd, 6-4 (Groundball, 6M)
Batting: RHB Tim Davis 0-0: Swinging Strike
0-1: Ball
1-1: Fly out, F8 (Flyball, 8RXD)
Top of the 6th over - 0 run(s), 0 hit(s), 0 error(s), 1 left on base; Kingston 2 - Buffalo 1
BOTTOM OF THE 6TH
Buffalo LightSabres batting - Pitching for Kingston Iguanas : RHP Vic Bradshaw
Batting: RHB Donato Gozende 0-0: Ball
1-0: Ball
2-0: Ball
3-0: Called Strike
3-1: Swinging Strike
3-2: Foul Ball, location: 2F
3-2: Base on Balls
Batting: RHB Manuel Cintrón 0-0: Ball
1-0: Ball
Donato Gozende steals 2nd base
2-0: Called Strike
2-1: Foul Ball, location: 2F
2-2: Ball
3-2: Base on Balls
Batting: RHB Armando Gusmán 0-0: Ball
1-0: Foul Ball, location: 2F
1-1: Hit by Pitch
Donato Gozende to third
Manuel Cintrón to second
Pitching: RHP Jesús Gonzáles
Batting: RHB Alfredo Villegas 0-0: Foul Ball, location: 2F
0-1: Ball
1-1: Fly out, F3 (Popup, 4MS)
Batting: RHB Júlio López 0-0: Fly out, F3 (Popup, 3SF)
Batting: SHB Javier Jiménez 0-0: Called Strike
0-1: Ball
1-1: Swinging Strike
1-2: Ball
2-2: Strikes out swinging
Bottom of the 6th over - 0 run(s), 0 hit(s), 0 error(s), 3 left on base; Kingston 2 - Buffalo 1
TOP OF THE 7TH
Kingston Iguanas batting - Pitching for Buffalo LightSabres : LHP Mike O'Brien
Pitching: RHP Domingo Rodríguez
Batting: LHB Juan Romero 0-0: Ball
1-0: Called Strike
1-1: Fly out, F8 (Line Drive, 8LXD)
Batting: RHB Ken MacDonald 0-0: Ball
1-0: Foul Ball, location: 2F
1-1: Ground out 5-3 (Groundball, 56)
Batting: RHB William Duncan 0-0: Called Strike
0-1: Foul Ball, location: 2F
0-2: Strikes out swinging
Top of the 7th over - 0 run(s), 0 hit(s), 0 error(s), 0 left on base; Kingston 2 - Buffalo 1
BOTTOM OF THE 7TH
Buffalo LightSabres batting - Pitching for Kingston Iguanas : RHP Jesús Gonzáles
Batting: LHB Zack Payton 0-0: Fly out, F4 (Popup, 34D)
Batting: RHB Peter Dixon 0-0: Ground out U3 (Groundball, 3S)
Batting: RHB Jorge Castillo 0-0: Ball
1-0: Foul Ball, location: 2F
1-1: Foul Ball, location: 2F
1-2: Ball
2-2: Ball
3-2: Fly out, F4 (Line Drive, 4)
Bottom of the 7th over - 0 run(s), 0 hit(s), 0 error(s), 0 left on base; Kingston 2 - Buffalo 1
TOP OF THE 8TH
Kingston Iguanas batting - Pitching for Buffalo LightSabres : RHP Domingo Rodríguez
Batting: RHB Luis Aguilar 0-0: Called Strike
0-1: Swinging Strike
0-2: SINGLE (Groundball, 5D)
Batting: LHB Dave Gordon 0-0: Called Strike
0-1: Called Strike
0-2: Ball
1-2: Ball
2-2: Foul Ball, location: 2F
2-2: SINGLE (Line Drive, 4MD)
Luis Aguilar to second
Batting: LHB Mike Godfrey 0-0: Ball
1-0: Ball
2-0: Foul Ball, location: 2F
2-1: Fielders Choice at 2nd, 6-4 (Groundball, 6)
Luis Aguilar to third
Pinch Hitting: RHB Soshu Nakamura 0-0: Ball
1-0: Called Strike
1-1: Ball
2-1: Swinging Strike
2-2: Ball
3-2: Foul Ball, location: 2F
3-2: Foul Ball, location: 2F
3-2: Foul Ball, location: 2F
3-2: Strikes out swinging
Pitching: RHP Pat Jackson
Batting: LHB Poto Vasilini 0-0: Ball
1-0: Swinging Strike
1-1: Called Strike
1-2: Ball
2-2: Foul Ball, location: 2F
2-2: Ball
Mike Godfrey is caught stealing 2nd base
Top of the 8th over - 0 run(s), 2 hit(s), 0 error(s), 0 left on base; Kingston 2 - Buffalo 1
BOTTOM OF THE 8TH
Buffalo LightSabres batting - Pitching for Kingston Iguanas : RHP Jesús Gonzáles
Now at 2B: Soshu Nakamura
Batting: RHB Donato Gozende 0-0: Foul Ball, location: 2F
0-1: Swinging Strike
0-2: Fly out, F7 (Flyball, 7M)
Batting: RHB Manuel Cintrón 0-0: Ball
1-0: Swinging Strike
1-1: Swinging Strike
1-2: Strikes out looking
Pitching: RHP Robert Alexander
Batting: RHB Armando Gusmán 0-0: SINGLE (Line Drive, 4)
Pinch Hitting: LHB Craig Kenney Balk!
Armando Gusmán to second
0-0: Called Strike
0-1: Called Strike
0-2: Ball
1-2: Ball
2-2: Ground out 1-3 (Groundball, 15)
Bottom of the 8th over - 0 run(s), 1 hit(s), 0 error(s), 1 left on base; Kingston 2 - Buffalo 1
TOP OF THE 9TH
Kingston Iguanas batting - Pitching for Buffalo LightSabres : RHP Pat Jackson
Now in CF: Craig Kenney
Batting: LHB Poto Vasilini 0-0: SINGLE (Groundball, 34D)
Batting: RHB Tim Davis 0-0: Sac Bunt - play at first, batter safe!
Poto Vasilini to second
Batting: LHB Juan Romero 0-0: Ball
1-0: Swinging Strike
1-1: Foul Ball, location: 2F
1-2: SINGLE (Groundball, 4M)
Poto Vasilini to third
Tim Davis to second
Runner from 3rd tries for Home, throw and OUT!
Tim Davis to third
Juan Romero to second
Pinch Hitting: LHB Billy Anderson 0-0: Called Strike
0-1: Ball
1-1: Ball
2-1: Ball
3-1: Called Strike
3-2: Base on Balls
Batting: RHB William Duncan 0-0: DOUBLE (Line Drive, 7LS)
Tim Davis scores
Juan Romero scores
Billy Anderson to third
Runner from 3rd tries for Home, SAFE, no throw or cutoff
Pitching: RHP Howard Jewel
Batting: RHB Luis Aguilar 0-0: Ball
1-0: Ball
2-0: Foul Ball, location: 2F
2-1: Ball
3-1: Base on Balls
Batting: LHB Dave Gordon 0-0: Ball
1-0: Ball
2-0: Ball
3-0: Base on Balls
William Duncan to third
Luis Aguilar to second
Batting: LHB Mike Godfrey 0-0: Ball
1-0: Ball
2-0: Ball
3-0: Called Strike
3-1: Base on Balls
William Duncan scores
Luis Aguilar to third
Dave Gordon to second
Batting: RHB Soshu Nakamura 0-0: Ball
1-0: Called Strike
1-1: Swinging Strike
1-2: Strikes out swinging
Batting: LHB Poto Vasilini 0-0: Foul Ball, location: 2F
0-1: Called Strike
0-2: Ball
1-2: Fly out, F7 (Flyball, 7M)
Top of the 9th over - 4 run(s), 4 hit(s), 0 error(s), 3 left on base; Kingston 6 - Buffalo 1
BOTTOM OF THE 9TH
Buffalo LightSabres batting - Pitching for Kingston Iguanas : RHP Robert Alexander
Pitching: RHP Guo-fang Juan
Now at 3B: Bobby Armstrong
Now in CF: Mike Johnson
Now in RF: Steve Davis
Batting: RHB Júlio López 0-0: Ball
1-0: Ball
2-0: Foul Ball, location: 2F
2-1: Ball
3-1: Base on Balls
Batting: SHB Javier Jiménez 0-0: Ball
1-0: Foul Ball, location: 2F
1-1: Ball
2-1: Foul Ball, location: 2F
2-2: Strikes out looking
Batting: LHB Zack Payton 0-0: Foul Ball, location: 2F
0-1: Ball
1-1: Ball
2-1: Swinging Strike
2-2: Foul Ball, location: 2F
2-2: Strikes out looking
Batting: RHB Peter Dixon 0-0: Ball
1-0: Called Strike
1-1: SINGLE (Flyball, 8RS)
Júlio López to second
Batting: RHB Jorge Castillo 0-0: TRIPLE (Line Drive, 9LS)
Júlio López scores
Peter Dixon scores
Batting: RHB Donato Gozende 0-0: Ball
1-0: Ball
2-0: Ball
3-0: Called Strike
3-1: Base on Balls
Pinch Hitting: LHB Rob Davidson 0-0: Ball
1-0: Foul Ball, location: 2F
1-1: Called Strike
1-2: Ball
2-2: Ball
3-2: Base on Balls
Donato Gozende to second
Pinch Hitting: SHB Barrett Bowden 0-0: Ball
1-0: Ball
2-0: Foul Ball, location: 2F
2-1: Fly out, F4 (Line Drive, 34D)
Bottom of the 9th over - 2 run(s), 2 hit(s), 0 error(s), 3 left on base; Kingston 6 - Buffalo 3
Monday, December 5th, 2016 - OOTP Baseball 17.12 Build 75